AoeStats
← TheSeb

MegaRandom

508569598Analyzed
2v2 RM · 10d ago on Sep 23, 2026· 37m 58s· 4 players
Game mode
Random Map
Map size
Medium (4 player)
Population
200
Speed
Normal
Resources
Standard
Victory
Conquest
Starting age
Dark Age
Ending age
Imperial Age
RankedLock teamsTeams togetherTeam positionsShared explorationLock speedFull tech treeHidden civsTurbo modeCheats
Victory
Defeat
🇺🇸 Franks · United States
880
+13
🇺🇸 Celts · United States
791
+17
🇨🇱 Ethiopians · Chile
813
-15
🇨🇱 Spanish · Chile
804
-15
TheSeb
0:28 Loom
12:21 Feudal Age
13:40 Wheelbarrow
12:54 Double-Bit Axe
13:25 Man-at-Arms
16:37 Scale Mail Armor
18:36 Forging
27:20 Horse Collar
30:33 Castle Age
29:12 Stone Mining
31:54 Bow Saw
32:38 Gold Mining
37:00 Scale Barding Armor
37:31 Iron Casting
Jaimeka 3K
0:31 Loom
12:32 Feudal Age
13:58 Wheelbarrow
21:12 Stone Mining
29:45 Castle Age
ray_gapist_69
12:04 Feudal Age
12:54 Man-at-Arms
19:38 Gold Mining
bluesuitandtie
11:37 Feudal Age
13:09 Man-at-Arms
14:41 Arson
15:23 Scale Mail Armor
17:31 Arson
24:43 Castle Age
25:03 Long Swordsman
27:30 Husbandry
Connection lost

Rejoining the realm…

Still unreachable

The connection could not be restored.

Session expired

The server has moved on; the page needs a fresh start.